 Dungeon Crawl Stone Soup version 0.17-a0-1769-g54adf96 (console) character file.

272 utis the Ducker (level 6, -1/36 HPs)
             Began as a Kobold Wizard on Sept 7, 2015.
             Slain by a centaur skeleton (3 damage)
             ... on level 4 of the Dungeon.
             The game lasted 00:19:55 (5725 turns).

utis the Ducker (Kobold Wizard)                     Turns: 5725, Time: 00:19:56

Health: -1/36      AC:  3    Str:  6    XL:     6   Next: 48%
Magic:  9/11       EV: 15    Int: 22    God:
Gold:   102        SH:  0    Dex: 15    Spells: 5 memorised, 0 levels left

rFire  . . .     SeeInvis .     a - +2 spear (pierce)
rCold  . . .     Clarity  +     h - +0 leather armour
rNeg   + . .     SustAt   .     (shield restricted)
rPois  .         Gourm    .     b - +0 hat
rElec  .         Spirit   .     (no cloak)
rCorr  .         Warding  .     (no gloves)
rMut   .         Stasis   .     (no boots)
MR     .....                    p - amulet of clarity
Stlth  ++........               i - +5 ring of intelligence
                                t - ring of positive energy

@: not resistant to hostile enchantments, unstealthy
A: carnivore 3
a: no special abilities


You were on level 4 of the Dungeon.
You were completely stuffed.

You visited 1 branch of the dungeon, and saw 5 of its levels.

You collected 102 gold pieces.

Inventory:

Hand weapons
 a - a +2 spear of piercing (weapon)
 j - a +0 dagger
 n - a +2 dagger of holy wrath
 x - a +0 flail
 y - a +0 hunting sling
Missiles
 e - 162 stones (quivered)
 g - 11 exploding sling bullets
 v - 47 sling bullets
Armour
 b - a +0 hat (worn)
 f - a +0 robe
 h - a +0 leather armour (worn)
 G - the +5 shield of the Heavens {rElec Stlth+}
   (You found it on level 4 of the Dungeon)

   It insulates you from electricity.
   It makes you more stealthy.
Jewellery
 i - a +5 ring of intelligence (right hand)
 p - an amulet of clarity (around neck)
 t - a ring of positive energy (left hand)
Scrolls
 l - 2 scrolls of enchant armour {unknown}
 m - a scroll of recharging {unknown}
 q - a scroll of fear {unknown}
 r - a scroll of remove curse {unknown}
 u - 3 scrolls of immolation {unknown}
 z - a scroll of amnesia {unknown}
 C - a scroll of fog {unknown}
 D - a scroll of teleportation {unknown}
 E - a scroll of enchant weapon
Potions
 s - 2 potions of poison
 w - 2 potions of degeneration
 A - a potion of heal wounds
 B - a potion of magic {unknown}
 F - a potion of haste {unknown}
 H - a potion of resistance {unknown}
 K - a potion of curing
Books
 c - a book of Minor Magic

   Spells                             Type                      Level
   a - Magic Dart                     Conjuration                  1
   b - Blink                          Translocation                2
   c - Call Imp                       Summoning                    2
   d - Repel Missiles                 Charms/Air                   2
   e - Slow                           Hexes                        2
   f - Conjure Flame                  Conjuration/Fire             3
   g - Mephitic Cloud                 Conjuration/Poison/Air       3
 I - a book of Power

   Spells                             Type                      Level
   a - Fulminant Prism                Conjuration/Hexes            4
   b - Iskenderun's Mystic Blast      Conjuration                  4
   c - Venom Bolt                     Conjuration/Poison           5
   d - Bolt of Magma                  Conjuration/Fire/Earth       5
   e - Iron Shot                      Conjuration/Earth            6
   f - Orb of Destruction             Conjuration                  7
   g - Spellforged Servitor           Conjuration/Summoning        7
Comestibles
 d - 3 meat rations
 k - 2 beef jerkies
 o - a slice of pizza
 J - 2 chunks of flesh


   Skills:
 + Level 2.6 Fighting
 + Level 4.1 Dodging
 - Level 2.6 Stealth
 - Level 3.4 Spellcasting
 - Level 3.0 Conjurations
 - Level 1.0 Summonings
 - Level 1.0 Translocations
 - Level 1.0 Fire Magic
 - Level 1.4 Air Magic
 - Level 1.0 Poison Magic


You couldn't memorise any spells.
You knew the following spells:

 Your Spells              Type           Power        Failure   Level  Hunger
a - Magic Dart            Conj           ###.         8%          1    None
b - Call Imp              Summ           #.......     21%         2    ##.....
d - Conjure Flame         Conj/Fire      ##......     28%         3    ###....
v - Blink                 Tloc           N/A          21%         2    ##.....
C - Mephitic Cloud        Conj/Pois/Air  ##......     28%         3    ###....


Dungeon Overview and Level Annotations

Branches:
Dungeon (5/15)
 Temple: D:4-7

Altars:
Cheibriados
Dithmenos

Annotations:
D:3 wvc's ghost, average HuWn
D:4 Natasha


Innate Abilities, Weirdness & Mutations

You are small and have problems with some larger weapons.
You are carnivorous and can eat meat at any time.


Message History

Unknown command.
Unknown command.
An ice beast comes into view.
Things that are here:
a jackal corpse x2
There is a stone staircase leading up here.
The jackal bites you.
* * * LOW HITPOINT WARNING * * *
You climb upwards.
Level annotation: Natasha The phantom hits you!
* * * LOW HITPOINT WARNING * * *
Natasha casts a spell.
There is a stone staircase leading down here.
A centaur skeleton comes into view.
Natasha casts a spell.
The centaur skeleton hits you.
* * * LOW HITPOINT WARNING * * *
The centaur skeleton hits you.
You die...

€€€⚵.▓▓▓▓▓▓▓...▓▓▓▓........▓▓....
⚵⚵⚵⚵......................▓......
.....▓▓▓▓.........▓▓▓....▓▓.▓....
........▓.........▓▓▓▓..........▓
▓............................▓▓
▓..▓▓........▓.)▓▓.....▓.....▓.
▓▓▓..▓▓▓▓▓........▓▓.............
...............Z................†
▓.▓..▓▓▓▓..h5..WK............▓▓▓.
▓.▓..▓▓▓▓.▓.▓▓▓▓.▓...........▓▓▓▓
▓.▓..▓....>▓▓▓▓▓▓▓...........▓...
.......h..).≈≈8≈≈............>...
..▓......▓▓..≈≈≈..........)▓.▓▓▓▓
.....▓..................▓▓.▓.▓▓
..▓...)▓▓▓..............▓▓.▓..▓▓▓
.....................<...........
.................................


You could see a phantom, Natasha, a crimson imp and a centaur skeleton.

Vanquished Creatures
  A scorpion (D:4)
  An iguana (D:3)
  2 worker ants (D:4)
  A hound skeleton (D:4)
  4 adders
  2 oozes
  An adder skeleton (D:5)
  2 giant geckos
  6 orcs
  7 bats
  3 giant cockroaches
  9 hobgoblins
  9 jackals
  5 kobolds
  2 ball pythons
  2 giant newts
  8 goblins
  6 rats
71 creatures vanquished.

Vanquished Creatures (collateral kills)
  Natasha (D:4)
  A worm (D:2)
2 creatures vanquished.

Grand Total: 73 creatures vanquished

Notes
Turn   | Place    | Note
--------------------------------------------------------------
     0 | D:1      | utis the Kobold Wizard began the quest for the Orb.
     0 | D:1      | Reached XP level 1. HP: 10/10 MP: 4/4
    56 | D:1      | Reached skill level 1 in Conjurations
   488 | D:1      | Reached XP level 2. HP: 13/15 MP: 0/6
   605 | D:1      | Learned a level 2 spell: Call Imp
  1111 | D:1      | Reached XP level 3. HP: 12/19 MP: 1/7
  1229 | D:1      | Learned a level 3 spell: Mephitic Cloud
  1894 | D:2      | Found a faded altar to an unknown god.
  2168 | D:2      | Reached skill level 1 in Air Magic
  2238 | D:2      | Reached XP level 4. HP: 24/24 MP: 2/8
  2293 | D:2      | Learned a level 3 spell: Conjure Flame
  2897 | D:3      | Noticed wvc's ghost (average HuWn)
  3660 | D:3      | Found a snail-covered altar of Cheibriados.
  4090 | D:3      | Found a shadowy altar of Dithmenos.
  4122 | D:3      | Reached skill level 1 in Poison Magic
  4446 | D:3      | Reached skill level 1 in Fire Magic
  4596 | D:4      | Noticed a phantom
  4679 | D:3      | Reached XP level 5. HP: 28/28 MP: 5/10
  4756 | D:4      | Got a warped shield
  4767 | D:4      | Identified the +5 shield of the Heavens {rElec Stlth+} (You found it on level 4 of the Dungeon)
  5012 | D:4      | Reached skill level 1 in Fighting
  5084 | D:4      | Reached XP level 6. HP: 33/35 MP: 5/11
  5202 | D:4      | Learned a level 2 spell: Blink
  5231 | D:4      | Noticed Natasha
  5243 | D:4      | Killed Natasha
  5561 | D:4      | Noticed Natasha
  5572 | D:5      | Entered Level 5 of the Dungeon
  5584 | D:5      | Reached skill level 4 in Dodging
  5707 | D:5      | Noticed an ice beast
  5725 | D:4      | Slain by a centaur skeleton

Vault maps used:
D:1:      scummos_arrival_star
D:2:      ecumenical_altar_2
D:3:      nicolae_overflow_crystal_walls, first_bread,
          grunt_dithmenos_smoke_and_mirrors
D:4:      minmay_temple_entry_grid, grunt_decor_fettered, minivault_24,
          moated_statue, minmay_stone_trees_small, minmay_gold_behind_fungi,
          kennysheep_opposing_triangles, uniq_natasha

Action                   |  1- 3 |  4- 6 || total
-------------------------+-------+-------++-------
Melee: Club              |     8 |       ||     8
       Dagger            |     1 |       ||     1
       Spear             |       |    72 ||    72
Throw: Stone             |       |     2 ||     2
 Cast: Magic Dart        |    82 |    85 ||   167
       Call Imp          |     3 |     5 ||     8
       Mephitic Cloud    |       |     2 ||     2
       Blink             |       |     1 ||     1
  Use: Scroll            |     1 |     6 ||     7
       Potion            |       |     3 ||     3
 Stab: Confused          |       |     3 ||     3
       Invisible         |       |     1 ||     1
  Eat: Chunk             |    11 |    13 ||    24
